 Dungeon Crawl Stone Soup version 0.25.0-9-g26727b657a (webtiles) character file.

Game seed: 1581450035597635705

457345 mopl the Twirler (level 23, 0/202 HPs)
             Began as a Troll Arcane Marksman on June 18, 2020.
             Was a High Priest of Okawaru.
             Blown up by an ancient lich (100 damage)
             ... with an orb of destruction
             ... on level 5 of the Realm of Zot.
             The game lasted 03:08:26 (46047 turns).

mopl the Twirler (Troll Arcane Marksman)           Turns: 46047, Time: 03:08:27

Health: 0/202      AC: 32    Str: 23    XL:     23   Next: 1%
Magic:  29/29      EV:  5    Int: 15    God:    Okawaru [*****.]
Gold:   2675       SH: 23    Dex:  8    Spells: 5/36 levels left

rFire    + . .     SeeInvis +   b - +9 demon trident (elec)
rCold    + . .     Gourm    +   U - +7 tower shield {rF+}
rNeg     + + +     Faith    .   u - +13 storm dragon scales of Distant Shores {rElec rN+++ Regen+ Dex-2 SInv}
rPois    +         Spirit   .   M - +2 hat {MR+}
rElec    +         Reflect  .   F - +2 cloak of Fuehiqoh {*Corrode rPois rC+ Int+8}
rCorr    .         Harm     .   (gloves unavailable)
MR       ++++.     Rnd*Rage +   (boots unavailable)
Stlth    ..........             p - amulet of regeneration
HPRegen  1.63/turn              y - ring of protection from magic
MPRegen  0.21/turn              I - +4 ring of slaying

@: slowed, very slow
A: large, unfitting armour, claws 3, thin metallic scales 1, berserk 1, blink,
blurry vision 2, clumsy 2, deformed body, dopey 1, fast metabolism 3, gourmand,
low mp 1, magic resistance 1, regeneration 1, shaggy fur 1, tough skin 3, weak
2, subdued magic 3, MP-powered wands
0: Orb of Zot
}: 3/15 runes: barnacled, slimy, gossamer
a: Blink, Heroism, Finesse, Renounce Religion


You were on level 5 of the Realm of Zot.
You worshipped Okawaru.
Okawaru was extremely pleased with you.
You were very full.

You visited 10 branches of the dungeon, and saw 49 of its levels.
You visited the Abyss 1 time.
You also visited: Trove, Ossuary and Gauntlet.

You collected 4787 gold pieces.
You spent 2112 gold pieces at shops.

Inventory:

Hand Weapons
 b - a +9 demon trident of electrocution (weapon)
 G - a +0 battleaxe of freezing
 T - a +0 arbalest
 X - a +0 long sword
Missiles
 a - 19 curare-tipped darts
 d - 15 throwing nets
 f - 77 large rocks
 j - 37 silver javelins
 l - 11 atropa-tipped darts
 t - 14 boomerangs of dispersal
 v - 102 boomerangs
 P - 88 javelins (quivered)
Armour
 o - the +1 cloak of Starlight {rElec rC+ EV+4 Stlth--}
   (You found it in a treasure trove)

   It affects your evasion (+4).
   It protects you from cold.
   It insulates you from electricity.
   It makes you much less stealthy.
 u - the +13 storm dragon scales of Distant Shores (worn) {rElec rN+++ Regen+ Dex-2 SInv}
   (You found it in a treasure trove)

   It affects your dexterity (-2).
   It insulates you from electricity.
   It renders you almost immune to negative energy.
   It lets you see invisible.
   It increases your rate of regeneration.
 C - a +1 cloak of magic resistance
 F - the +2 cloak of Fuehiqoh (worn) {*Corrode rPois rC+ Int+8}
   (You found it in a treasure trove)

   It affects your intelligence (+8).
   It protects you from cold.
   It protects you from poison.
   It may corrode you when you take damage.
 M - a +2 hat of magic resistance (worn)
 U - a +7 tower shield of fire resistance (worn)
Jewellery
 p - an amulet of regeneration (around neck)
 x - an uncursed ring of resist corrosion
 y - a ring of protection from magic (left claw)
 I - a +4 ring of slaying (right claw)
Wands
 i - a wand of acid (16)
 q - a wand of iceblast (5)
 H - a wand of clouds (7)
 O - a wand of paralysis (5)
 Q - a wand of polymorph (30)
 R - a wand of digging (9)
 Y - a wand of enslavement (15)
Scrolls
 e - 2 scrolls of holy word
 h - a scroll of silence
 k - 6 scrolls of identify
 n - 2 scrolls of blinking
 s - 5 scrolls of fog
 z - 15 scrolls of teleportation
 B - 5 scrolls of fear
 S - 5 scrolls of vulnerability
 Z - 3 scrolls of summoning
Potions
 g - 2 potions of magic
 r - 3 potions of resistance
 w - 5 potions of might
 A - 14 potions of curing
 D - 5 potions of haste
 E - 8 potions of ambrosia
 J - a potion of invisibility
 K - 2 potions of flight
 L - 3 potions of berserk rage
 W - a potion of mutation
Comestibles
 c - 63 rations


   Skills:
 - Level 7.0 Fighting
 + Level 4.0 Long Blades
 - Level 7.0(9.3) Axes
   Level 7.0(9.9) Maces & Flails
 - Level 7.0(9.5) Polearms
   Level 7.1(9.4) Staves
   Level 7.0(7.8) Slings
 + Level 4.0 Crossbows
 - Level 7.0(9.1) Throwing
 - Level 7.0 Armour
 - Level 7.0 Dodging
 - Level 7.0 Stealth
 - Level 7.0 Shields
 - Level 7.0 Unarmed Combat
 - Level 7.0 Spellcasting
 + Level 6.8 Conjurations
 - Level 7.0 Hexes
 - Level 7.0 Charms
 + Level 5.1 Summonings
 + Level 6.7 Necromancy
 - Level 7.0 Translocations
 + Level 6.8 Transmutations
 + Level 5.0 Fire Magic
 - Level 7.0 Ice Magic
 + Level 5.6 Air Magic
 - Level 7.0 Earth Magic
 + Level 5.1 Poison Magic
 - Level 7.0 Invocations
 - Level 7.0 Evocations


You had 5 spell levels left.
You knew the following spells:

 Your Spells              Type           Power        Failure   Level  Hunger
a - Apportation           Tloc           ##....       17%         1    None
b - Ozocubu's Armour      Chrm/Ice       ##......     50%         3    ##.....
c - Lesser Beckoning      Tloc           ##........   50%         3    ##.....
d - Corona                Hex            ##.....      17%         1    None
e - Blink                 Tloc           N/A          26%         2    None
f - Yara's Violent Unrav  Hex/Tmut       ##........   100%        5    #####..
g - Iron Shot             Conj/Erth      ##........   100%        6    #######
h - Corpse Rot            Necr/Air       N/A          38%         2    None
i - Ignite Poison         Fire/Tmut/Pois ##......     71%         3    ##.....
j - Recall                Summ/Tloc      N/A          65%         3    ##.....
p - Passwall              Tmut/Erth      ##......     28%         2    None

Your spell library contained the following spells:

 Spells                   Type           Power        Failure   Level  Hunger
 Freeze                   Ice            ##..         17%         1    None
 Infusion                 Chrm           ##..         17%         1    None
 Sandblast                Erth           ##....       17%         1    None
 Beastly Appendage        Tmut           ##....       19%         1    None
 Magic Dart               Conj           ##..         19%         1    None
 Animate Skeleton         Necr           N/A          21%         1    None
 Shroud of Golubria       Chrm/Tloc      ##....       26%         2    None
 Slow                     Hex            ##......     26%         2    None
 Song of Slaying          Chrm           ##......     26%         2    None
 Sticks to Snakes         Tmut           ##......     28%         2    None
 Summon Small Mammal      Summ           ##..         38%         1    None
 Frozen Ramparts          Ice            ##....       50%         3    ##.....
 Gell's Gravitas          Tloc           ##........   50%         3    ##.....
 Portal Projectile        Hex/Tloc       ##....       50%         3    ##.....
 Spectral Weapon          Hex/Chrm       ##......     50%         3    ##.....
 Teleport Other           Tloc           ##......     50%         3    ##.....
 Call Imp                 Summ           ##......     52%         2    None
 Stone Arrow              Conj/Erth      ##....       52%         3    ##.....
 Inner Flame              Hex/Fire       ##......     65%         3    ##.....
 Spider Form              Tmut/Pois      ##........   65%         3    ##.....
 Conjure Flame            Conj/Fire      ##......     67%         3    ##.....
 Mephitic Cloud           Conj/Pois/Air  ##......     69%         3    ##.....
 Cause Fear               Hex            ##........   90%         4    ####...
 Leda's Liquefaction      Hex/Erth       ##........   90%         4    ####...
 Hailstorm                Conj/Ice       ##......     91%         4    ####...
 Ice Form                 Ice/Tmut       ##......     91%         4    ####...
 Petrify                  Tmut/Erth      ##......     91%         4    ####...
 Animate Dead             Necr           N/A          94%         4    ####...
 Summon Ice Beast         Ice/Summ       ##......     97%         4    ####...
 Lee's Rapid Deconstruct  Erth           ##........   99%         5    #####..
 Blade Hands              Tmut           ##........   100%        5    #####..
 Bolt of Magma            Conj/Fire/Erth ##........   100%        5    #####..
 Borgnjor's Vile Clutch   Necr/Erth      ##........   100%        5    #####..
 Fireball                 Conj/Fire      ##........   100%        5    #####..
 Iskenderun's Battlesphe  Conj/Chrm      ##......     100%        5    #####..
 Silence                  Hex/Air        ##........   100%        5    #####..
 Summon Forest            Summ/Tloc      ##........   100%        5    #####..
 Death Channel            Necr           ##........   100%        6    #######
 Eringya's Noxious Bog    Tmut/Pois      ##........   100%        6    #######
 Hydra Form               Tmut           ##........   100%        6    #######
 Simulacrum               Ice/Necr       ##........   100%        6    #######
 Starburst                Conj/Fire      ##........   100%        6    #######
 Orb of Destruction       Conj           ##........   100%        7    #######
 Ring of Flames           Chrm/Fire      ##........   100%        7    #######
 Spellforged Servitor     Conj/Summ      ##........   100%        7    #######
 Summon Hydra             Summ           ##........   100%        7    #######
 Discord                  Hex            ##........   100%        8    #######
 Ignition                 Fire           ##........   100%        8    #######
 Passage of Golubria      Tloc           Unusable     N/A         4    N/A

Dungeon Overview and Level Annotations

Branches:
Dungeon (15/15)            Temple (1/1) D:6            Lair (6/6) D:10
 Shoals (4/4) Lair:4       Spider (4/4) Lair:2        Slime (5/5) Lair:6
    Orc (2/2) D:9             Elf (0/3) Orc:2        Vaults (2/5) D:14
  Crypt (0/3) Vaults:2     Depths (5/5) D:15            Zot (5/5) Depths:5
Ossuary (visited)         Gauntlet (visited)

Altars:
Dithmenos
Elyvilon
Fedhas
Gozag
Kikubaaqudgha
Makhleb
Nemelex Xobeh
Okawaru
Qazlal
Ru
Sif Muna
Trog
Uskayaw
Vehumet
Wu Jian
Zin
The Shining One
Beogh
Lugonu

Shops:
D:4 =(   D:6 *   D:12 *   D:15 [(   Orc:2 *([:[   Vaults:1 *   Vaults:2 =

Portals:
Hell: Depths:4 Depths:5
Abyss: Depths:3
Pandemonium: Depths:4

Annotations:
Lair:4 rC tower shield
Orc:2 1 runed translucent door, exclusion: 4 orange crystal statues
Vaults:1 3 runed translucent doors, howech's ghost, veteran MiGl


Innate Abilities, Weirdness & Mutations

You are too large for most types of armour.
You have claws for hands.
Your metabolism is lightning-fast.
You like to eat raw meat.
Your natural rate of healing is unusually fast.
You are covered in fur. (AC +1)
You have extremely tough skin. (AC +3)
You are partially covered in thin metallic scales. (AC +2)
You tend to lose your temper in combat.
You can translocate small distances at will.
Scrolls take you longer to read.
You are very clumsy. (Dex -4)
Armour fits poorly on your strangely shaped body.
You are dopey. (Int -2)
Your magical capacity is low. (-10% MP)
You are resistant to hostile enchantments. (MR+)
You are very weak. (Str -4)
Your spells are much easier to cast, but much less powerful.
You expend magic power (3 MP) to strengthen your wands.


Message History

The bolt of negative energy hits the orb of fire.
The orb of fire completely resists.
The bolt of negative energy hits you but does no damage.
You resist.
The orb of fire emits a lurid red light.
The bolt of fire hits you! You resist.
Really walk into that permanent teleport trap?
You enter a permanent teleport trap!
Your surroundings suddenly seem different.
An Orb Guardian and an ancient lich come into view.
The ancient lich shouts!
A Killer Klown comes into view. It is wielding a +9 club of flaming.
The ancient lich casts a spell at you. The bolt of lightning hits you!
You resist.
The ancient lich launches a ball of destructive magic.
An orb of destruction comes into view.
The moth of wrath's fur bristles in rage as it notices you.
An Orb Guardian comes into view.
The orb of destruction hits you!!!!
You die...

▓▓▓▓▓▓▓▓▓▓▓▓
...........▓▓▓▓
....p.........▓▓▓
............^X..▓▓
..........@......▓ ▓▓▓▓▓▓▓▓
.......^.○.......▓▓▓.......
.........○....y..▓▓.......^
.^.....X.☼.......▓..^......
.........°.................
.^........L......▓...1.....
..........○.....)▓▓y.......
.................▓▓▓..*.^..
.......^.........# ▓▓▓▓▓▓▓▓


You could see a Killer Klown, an ancient lich, 2 Orb Guardians and a moth of
wrath.

Vanquished Creatures
  the Royal Jelly (Slime:5)
  Dissolution (Slime:1)
  4 orbs of fire (Zot:5)
  2 ancient liches (Zot:5)
  A juggernaut (Depths:5)
  Sojobo (Depths:2)
  5 Killer Klowns (Zot:5)
  Bai Suzhen (Shoals:3)
  Saint Roka (Orc:2)
  4 golden dragons
  Jory (Vaults:2)
  Nikola (Shoals:1)
  Arachne (Spider:4)
  2 electric golems (Zot:5)
  A lich (Depths:5)
  3 tentacled monstrosities
  Rupert (D:12)
  18 Orb Guardians (Zot:5)
  15 acid blobs
  A deep elf master archer (D:11)
  A quicksilver dragon (Zot:5)
  3 titans
  A sphinx (Depths:4)
  4 death cobs
  Frances (D:13)
  The ghost of Rachuaq the Thaumaturge, an adept GnSk of Makhleb (Orc:1)
  A draconian monk (Zot:5)
  4 shadow dragons
  Ilsuiw (Shoals:3)
  2 tengu reavers (Depths:2)
  7 vault wardens
  4 frost giants
  7 azure jellies (Slime:5)
  4 fire giants
  Aizul (Vaults:1)
  2 draconian shifters
  The ghost of Teryn the Envoy of Void, a journeyman DsAK of Lugonu (Shoals:1)
  2 orc warlords
  5 ghost moths
  A balrug (Depths:4)
  3 emperor scorpions (Spider:4)
  Louise (Shoals:1)
  A draconian annihilator (Depths:5)
  6 very ugly things
  7 ironheart preservers
  4 green draconians
  3 stone giants
  3 entropy weavers (Spider:4)
  2 vampire knights
  A deep elf annihilator (Vaults:1)
  2 black draconians
  5 purple draconians
  2 spark wasps
  A lorocyproca (Abyss:3)
  5 red draconians
  2 minotaurs
  7 merfolk javelineers
  7 white draconians
  2 ettins (Depths:4)
  An eidolon (Vaults:2)
  3 yellow draconians
  Snorg (D:14)
  6 yaktaur captains
  13 merfolk impalers
  5 fire dragons
  7 ogre magi
  7 death oozes
  2 jiangshi (Depths:2)
  Erolcha (Orc:2)
  A rakshasa (Depths:2)
  9 great orbs of eyes
  Josephine (Orc:1)
  Fannar (D:9)
  6 vault guards
  4 merfolk avatars
  4 hydras
  2 spriggan air magi (Depths:4)
  6 ice dragons
  7 merfolk aquamancers
  11 centaur warriors
  3 catoblepae (Lair:6)
  A queen ant (Spider:4)
  4 death knights
  3 alligator snapping turtles (Shoals:4)
  A satyr (Shoals:3)
  23 two-headed ogres
  2 vampire magi
  4 deep troll shamans
  16 death yaks
  3 orc high priests
  6 tengu warriors
  3 deep troll earth magi
  Urug (Lair:2)
  A spriggan berserker (Depths:4)
  4 iron trolls
  A salamander mystic (Depths:4)
  2 deep elf knights (Vaults:2)
  5 skeletal warriors
  11 sea snakes
  2 large abominations (Gauntlet)
  11 deep trolls
  An orange crystal statue (Vaults:1)
  3 unseen horrors
  A wizard (D:14)
  4 deep elf archers
  3 glowing orange brains
  Pikel (D:6)
  2 necromancers
  14 orb spiders
  12 orc knights
  7 harpies
  2 phantasmal warriors (D:14)
  3 ironbrand convokers
  26 wolf spiders
  23 ugly things
  2 salamanders (Depths:4)
  A faun (Shoals:3)
  13 manticores
  6 orc sorcerers
  8 cyclopes
  An oklob plant (Lair:6)
  4 deep elf magi
  9 moths of wrath
  6 shining eyes
  Joseph (D:10)
  13 merfolk sirens
  Psyche (D:9)
  2 vault sentinels
  2 rust devils (D:12)
  5 black mambas
  An apocalypse crab (Abyss:3)
  4 elephants (Lair:6)
  A gargoyle (D:14)
  4 water nymphs
  2 torpor snails
  An eye of devastation (Slime:4)
  Maurice (D:12)
  9 spiny frogs
  4 centaur skeletons
  An orange demon (D:12)
  A kobold demonologist (D:10)
  A rime drake (Lair:3)
  Maggie (D:7)
  32 yaktaurs
  8 komodo dragons
  8 freezing wraiths
  7 demonic crawlers
  18 jumping spiders
  2 tengu conjurers
  6 trolls
  43 merfolk
  6 wind drakes
  12 blink frogs
  Prince Ribbit (D:8)
  10 dream sheep
  10 hippogriffs
  8 hornets
  42 slime creatures
  A meliai zombie (D:14)
  7 snapping turtles
  A centaur simulacrum (D:14)
  4 shadows
  A spriggan (D:8)
  64 redbacks
  2 wyverns
  13 wraiths
  33 tarantellas
  A vampire (D:11)
  14 water elementals
  3 basilisks
  7 golden eyes
  5 neqoxecs
  36 yaks
  Grum (D:8)
  7 vampire mosquitoes
  A steam dragon (D:11)
  A basilisk (shapeshifter) (D:15)
  10 wargs
  Menkaure (D:4)
  4 hungry ghosts
  A soldier ant (shapeshifter) (D:13)
  Edmund (D:4)
  2 acid dragons
  25 soldier ants (Spider:4)
  9 water moccasins
  Duvessa (D:6)
  2 floating eyes
  11 porcupines
  37 orc warriors
  7 ice beasts
  6 sky beasts
  2 black bears
  20 ogres
  4 eyes of draining
  10 boggarts
  25 wolves
  23 centaurs
  13 crocodiles
  6 big kobolds
  19 bullfrogs
  2 elf zombies (Ossuary)
  2 wyvern zombies (D:14)
  A gnoll sergeant (Orc:1)
  6 small abominations
  Dowan (D:6)
  A wyvern skeleton (D:8)
  2 scorpions
  7 killer bees (D:9)
  8 wights
  3 howler monkeys
  5 electric eels
  8 crimson imps
  3 bullfrog zombies
  9 centaur zombies
  7 quasits
  4 human zombies (Ossuary)
  6 jellies
  10 hounds
  29 orc wizards
  7 iron imps (D:12)
  28 orc priests
  Terence (D:2)
  5 iguanas
  31 worker ants
  2 hound zombies
  5 mummies
  3 worker ant zombies
  2 howler monkey skeletons
  12 gnolls
  9 river rats (D:5)
  10 adders
  5 shadow imps
  An ooze (D:7)
  5 adder zombies
  An adder skeleton (D:4)
  3 worms
  3 dart slugs
  4 leopard geckos
  109 orcs
  4 bats
  6 giant cockroaches
  13 goblins
  6 hobgoblins
  7 jackals
  11 quokkas
  A ball python (D:7)
  3 frilled lizards
  A gnoll zombie (Ossuary)
  4 goblin zombies (Ossuary)
  2 hobgoblin zombies (Ossuary)
  4 jackal zombies (Ossuary)
  34 kobolds
  11 kobold skeletons (D:10)
  12 kobold zombies
  2 leopard gecko skeletons
  4 quokka zombies
  22 rats
  2 rat zombies (Ossuary)
  A fungus (Lair:1)
1758 creatures vanquished.

Vanquished Creatures (collateral kills)
  3 Orb Guardians (Zot:5)
  A yellow draconian (Zot:4)
4 creatures vanquished.

Vanquished Creatures (others)
  A lich (Depths:4)
  An ettin (Vaults:1)
  A wolf spider (Spider:4)
  2 jumping spiders
  A redback (Spider:4)
  An orc priest (D:14)
  An orc wizard (D:15)
  2 orcs (D:15)
  17 fungi
  19 plants
  A withered plant (D:14)
47 creatures vanquished.

Grand Total: 1809 creatures vanquished

Notes
Turn   | Place    | Note
-------+----------+-------------------------------------------
     0 | D:1      | mopl the Troll Arcane Marksman began the quest for the Orb.
     0 | D:1      | Reached XP level 1. HP: 18/18 MP: 1/1
    65 | D:1      | Reached skill level 1 in Fighting
    77 | D:1      | Reached XP level 2. HP: 27/27 MP: 2/2
   184 | D:1      | Reached skill level 1 in Unarmed Combat
   847 | D:2      | Reached XP level 3. HP: 33/33 MP: 3/3
  1090 | D:2      | Reached skill level 1 in Shields
  1090 | D:2      | Reached XP level 4. HP: 42/42 MP: 4/4
  1103 | D:2      | Found an opulent altar of Gozag.
  1335 | D:2      | Noticed Terence
  1349 | D:2      | Killed Terence
  1619 | D:3      | Reached XP level 5. HP: 44/49 MP: 5/5
  2187 | D:4      | Found Soekir's Weapon Boutique.
  2249 | D:4      | Reached XP level 6. HP: 57/59 MP: 6/6
  2333 | D:4      | Noticed Edmund
  2360 | D:4      | Killed Edmund
  2457 | D:4      | Found Akhli's Jewellery Shoppe.
  2553 | D:4      | Reached XP level 7. HP: 67/67 MP: 7/7
  2630 | D:4      | Found a sacrificial altar of Ru.
  2630 | D:4      | Found a bloodstained altar of Trog.
  2631 | D:4      | Found a stormy altar of Qazlal.
  2642 | D:4      | Noticed Menkaure
  2651 | D:4      | Killed Menkaure
  2774 | D:5      | Entered Level 5 of the Dungeon
  3150 | D:5      | Reached XP level 8. HP: 78/78 MP: 8/8
  3596 | D:5      | Found a burning altar of Makhleb.
  3879 | D:6      | Noticed Duvessa
  3879 | D:6      | Noticed Dowan
  3936 | D:6      | Found a sand-covered staircase.
  3943 | Ossuary  | Entered an ossuary
  4012 | Ossuary  | Reached skill level 5 in Throwing
  4075 | Ossuary  | Reached skill level 5 in Unarmed Combat
  4283 | D:6      | Found an ancient bone altar of Kikubaaqudgha.
  4283 | D:6      | Found a blossoming altar of Fedhas.
  4361 | D:6      | Found Yhumoaf's General Store.
  4609 | D:6      | Killed Duvessa
  4609 | D:6      | Reached XP level 9. HP: 77/87 MP: 9/9
  4611 | D:6      | Killed Dowan
  4627 | D:6      | Bought a scroll of noise for 11 gold pieces
  4628 | D:6      | Bought a potion of resistance for 110 gold pieces
  4650 | D:6      | Found a staircase to the Ecumenical Temple.
  4758 | Temple   | Entered the Ecumenical Temple
  4771 | Temple   | Became a worshipper of Warmaster Okawaru
  4795 | D:6      | Found a hide-covered altar of Uskayaw.
  4795 | D:6      | Noticed a +0 dagger
  4795 | D:6      | Noticed a +0 hand axe
  4803 | D:6      | Noticed Pikel
  4820 | D:6      | Killed Pikel
  4820 | D:6      | Reached skill level 5 in Fighting
  4820 | D:6      | Reached skill level 1 in Invocations
  5124 | D:7      | Reached skill level 5 in Shields
  5161 | D:7      | Noticed Maggie
  5190 | D:7      | Killed Maggie
  5190 | D:7      | Reached * piety under Okawaru
  5549 | D:7      | Found a white marble altar of Elyvilon.
  5996 | D:8      | Noticed Grum
  6009 | D:8      | Reached ** piety under Okawaru
  6016 | D:8      | Killed Grum
  6016 | D:8      | Reached XP level 10. HP: 74/98 MP: 11/11
  6247 | D:8      | Noticed Prince Ribbit
  6262 | D:8      | Killed Prince Ribbit
  6324 | D:8      | Got a jewelled mace
  7018 | D:9      | Identified the cursed +3 mace of Ru's Esteem {vorpal, rElec
                  | Str-5 Dex+2} (You found it on level 8 of the Dungeon)
  7076 | D:9      | Noticed Psyche
  7089 | D:9      | Reached *** piety under Okawaru
  7097 | D:9      | Killed Psyche
  7097 | D:9      | Reached skill level 1 in Armour
  7100 | D:9      | Reached skill level 1 in Slings
  7243 | D:9      | Found a staircase to the Orcish Mines.
  7353 | D:9      | Found a sparkling altar of Nemelex Xobeh.
  7504 | D:9      | Found an ornate altar of the Wu Jian Council.
  7866 | D:9      | Received a gift from Okawaru
  7872 | D:9      | Learned a level 3 spell: Ozocubu's Armour
  7893 | D:10     | Entered Level 10 of the Dungeon
  7895 | D:10     | Noticed Joseph
  7913 | D:10     | Killed Joseph
  7913 | D:10     | Reached **** piety under Okawaru
  8029 | D:10     | Found a portal to a secret trove of treasure.
  8197 | D:10     | Reached skill level 1 in Evocations
  8197 | D:10     | Reached XP level 11. HP: 107/107 MP: 13/13
  8255 | D:10     | Noticed a death yak
  8256 | D:10     | Found a staircase to the Lair.
  8256 | D:10     | Noticed a death yak
  8268 | D:10     | Killed a death yak
  8280 | D:10     | Killed a death yak
  8280 | D:10     | Reached skill level 1 in Charms
  8289 | D:10     | Reached skill level 5 in Invocations
  8294 | D:10     | Noticed a death yak
  8305 | D:10     | Killed a death yak
  8305 | D:10     | Reached ***** piety under Okawaru
  8482 | D:10     | Received a gift from Okawaru
  8699 | D:10     | Found an ancient bone altar of Kikubaaqudgha.
  9247 | D:11     | Reached skill level 1 in Stealth
  9360 | D:11     | Received a gift from Okawaru
  9950 | Lair:1   | Entered Level 1 of the Lair of Beasts
 10002 | Lair:1   | Received a gift from Okawaru
 10108 | Lair:1   | Learned a level 1 spell: Apportation
 10230 | Lair:1   | Received a gift from Okawaru
 10230 | Lair:1   | Reached XP level 12. HP: 117/118 MP: 15/15
 10432 | Lair:1   | Received a gift from Okawaru
 10643 | Lair:2   | HP: 5/118 [poisoned by a black mamba]
 10648 | Lair:2   | HP: 4/118 [poisoned by a black mamba]
 10653 | Lair:2   | HP: 3/118 [poisoned by a black mamba]
 10659 | Lair:2   | HP: 5/118 [poisoned by a black mamba]
 10988 | Lair:2   | Found a hole to the Spider Nest.
 11149 | Lair:2   | Noticed Urug
 11167 | Lair:2   | Killed Urug
 11813 | Lair:3   | Received a gift from Okawaru
 11892 | Lair:3   | Reached skill level 1 in Maces & Flails
 12046 | Lair:3   | Noticed a six-headed hydra
 12197 | Lair:3   | Received a gift from Okawaru
 12521 | Lair:3   | Noticed a four-headed hydra
 12528 | Lair:3   | Killed a four-headed hydra
 12585 | Lair:3   | Killed a six-headed hydra
 12585 | Lair:3   | Reached skill level 5 in Dodging
 13024 | Lair:4   | Found a staircase to the Shoals.
 13037 | Lair:4   | You fall into a shaft and drop 2 floors!
 13037 | Lair:6   | Entered Level 6 of the Lair of Beasts
 13195 | Lair:6   | Noticed a death yak
 13208 | Lair:6   | Killed a death yak
 13267 | Lair:6   | Received a gift from Okawaru
 13267 | Lair:6   | Reached XP level 13. HP: 27/124 MP: 17/17
 13458 | Lair:5   | Found a gate leading to a gauntlet.
 13470 | Gauntlet | Entered a Gauntlet
 13470 | Gauntlet | Found a transporter.
 13477 | Gauntlet | Found a transporter.
 13480 | Gauntlet | Found a transporter.
 13481 | Gauntlet | Found a transporter.
 13489 | Gauntlet | Found a transporter.
 13492 | Gauntlet | Found a transporter.
 13493 | Gauntlet | Found a transporter.
 13504 | Gauntlet | Found a transporter.
 13505 | Gauntlet | Found a transporter.
 13516 | Gauntlet | Found a transporter.
 13516 | Gauntlet | Found a transporter.
 13517 | Gauntlet | Found a transporter.
 13521 | Gauntlet | Found a runed translucent door.
 13521 | Gauntlet | Found a runed translucent door.
 13523 | Gauntlet | Noticed a death ooze
 13525 | Gauntlet | Found a transporter.
 13561 | Gauntlet | Found a transporter.
 13618 | Gauntlet | Reached skill level 5 in Armour
 13813 | Gauntlet | Killed a death ooze
 13859 | Gauntlet | Noticed a minotaur
 13878 | Gauntlet | Killed a minotaur
 14121 | Lair:5   | Received a gift from Okawaru
 14288 | Lair:5   | Got a scorched trident
 14289 | Lair:5   | Identified the cursed +0 trident of Saqummis {vamp, rPois}
                  | (You found it on level 5 of the Lair of Beasts)
 15950 | Lair:1   | Identified 2 scrolls of acquirement
 16011 | D:10     | You paid a toll of 2 scrolls of acquirement to enter a
                  | treasure trove
 16012 | Trove    | Entered a treasure trove
 16015 | Trove    | Found the +1 cloak of Starlight {rElec rC+ EV+4 Stlth--}
 16033 | Trove    | Got crude shadow dragon scales
 16035 | Trove    | Got masterwork storm dragon scales
 16043 | Trove    | Got a slimy cloak
 16047 | Trove    | Got bronze steam dragon scales
 16152 | Lair:1   | Identified the +1 shadow dragon scales of Ciskoim {Int+3
                  | Stlth++++} (You found it in a treasure trove)
 16162 | Lair:1   | Identified the +13 storm dragon scales of Distant Shores
                  | {rElec rN+++ Regen+ Dex-2 SInv} (You found it in a treasure
                  | trove)
 16192 | Lair:1   | Identified the +2 cloak of Fuehiqoh {*Corrode rPois rC+
                  | Int+8} (You found it in a treasure trove)
 16212 | Lair:1   | Identified the +5 steam dragon scales of Fun {Dex+4} (You
                  | found it in a treasure trove)
 16425 | Lair:6   | Received a gift from Okawaru
 16425 | Lair:6   | Reached skill level 5 in Evocations
 16462 | Lair:6   | Got a smoking hunting sling {god gift}
 16463 | Lair:6   | Identified the +4 hunting sling of Wiob Tac {vorpal, +Blink
                  | rF- rN+ SInv} (Okawaru gifted it to you on level 6 of the
                  | Lair of Beasts)
 16472 | Lair:6   | Found a staircase to the Slime Pits.
 16661 | Lair:6   | Reached skill level 5 in Slings
 16671 | Lair:6   | Reached XP level 14. HP: 133/133 MP: 16/18
 16802 | Lair:6   | Reached ****** piety under Okawaru
 16805 | Lair:6   | Received a gift from Okawaru
 16813 | Lair:6   | Got a faintly glowing hand crossbow {god gift}
 16814 | Lair:6   | Identified the +7 hand crossbow of Reinforcement {flame,
                  | rF+ MR+ Str-2 SInv} (Okawaru gifted it to you on level 6 of
                  | the Lair of Beasts)
 17494 | Orc:1    | Entered Level 1 of the Orcish Mines
 17529 | Orc:1    | Noticed Fannar
 17648 | D:9      | Killed Fannar
 17648 | D:9      | Reached skill level 5 in Maces & Flails
 17702 | D:9      | Learned a level 2 spell: Blink
 17835 | Orc:1    | Found a roughly hewn altar of Beogh.
 17884 | Orc:1    | Noticed Josephine
 17893 | Orc:1    | Killed Josephine
 17927 | Orc:1    | Found a transporter.
 17933 | Orc:1    | Found a transporter.
 17933 | Orc:1    | Noticed Rachuaq's ghost (adept GnSk)
 18463 | Orc:2    | Entered Level 2 of the Orcish Mines
 18466 | Orc:2    | Paralysed by an orc sorcerer for 2 turns
 18492 | Orc:2    | Reached skill level 5 in Charms
 18513 | Orc:2    | Noticed Saint Roka
 18720 | Orc:2    | Killed Saint Roka
 18720 | Orc:2    | Reached skill level 1 in Translocations
 18813 | Orc:2    | Found Witou's Armour Boutique.
 18872 | Orc:2    | Found a roughly hewn altar of Beogh.
 18911 | Orc:2    | Found Efiariv's General Store.
 18946 | Orc:2    | Found Soeliuk's Antique Armour Shoppe.
 18989 | Orc:2    | Bought a scroll of magic mapping for 42 gold pieces
 18989 | Orc:2    | Bought a scroll of immolation for 42 gold pieces
 18989 | Orc:2    | Bought a potion of flight for 36 gold pieces
 19104 | Orc:2    | Found a staircase to the Elven Halls.
 19161 | Orc:2    | Noticed Erolcha
 19169 | Orc:2    | Killed Erolcha
 19169 | Orc:2    | Received a gift from Okawaru
 19217 | Orc:2    | Found a runed translucent door.
 19224 | Orc:2    | Found the +10 tower shield of Ignorance {rN+ Int-4}
 19229 | Orc:2    | Found a runed translucent door.
 19233 | Orc:2    | Noticed an orc warlord
 19275 | Orc:2    | Killed an orc warlord
 19686 | Orc:2    | Found Owiutit's Book Shoppe.
 19786 | Orc:2    | Found Valumuk's Antique Weapon Shoppe.
 20051 | D:12     | Found Pydiahij's Assorted Antiques.
 20060 | D:12     | Bought a scroll labeled AMUNGU UROSE for 28 gold pieces
 20060 | D:12     | Bought a scroll labeled BYOXZOHAIRCH for 28 gold pieces
 20060 | D:12     | Bought a scroll labeled AMUNGU UROSE for 28 gold pieces
 20060 | D:12     | Bought a scroll labeled BYOXZOHAIRCH for 28 gold pieces
 20060 | D:12     | Bought a scroll of identify for 56 gold pieces
 20060 | D:12     | Bought a copper ring for 140 gold pieces
 20060 | D:12     | Bought a slimy broad axe for 252 gold pieces
 20066 | D:12     | Identified the cursed +1 broad axe of the Apocalypse
                  | {venom, Dex+3} (You bought it in a shop on level 12 of the
                  | Dungeon)
 20085 | D:12     | Noticed Rupert
 20094 | D:12     | Killed Rupert
 20304 | D:12     | Noticed Maurice
 20324 | D:12     | Killed Maurice
 20611 | D:12     | Found an ancient bone altar of Kikubaaqudgha.
 20676 | D:12     | Reached XP level 15. HP: 140/140 MP: 19/19
 21019 | D:13     | Noticed Frances
 21031 | D:13     | Killed Frances
 21040 | D:13     | Received a gift from Okawaru
 21566 | D:14     | Received a gift from Okawaru
 21569 | D:14     | Got a dazzling hat {god gift}
 21576 | D:14     | Identified the +1 hat of Moral Flaws {Str+4} (Okawaru
                  | gifted it to you on level 14 of the Dungeon)
 21664 | D:14     | Reached skill level 5 in Stealth
 21697 | D:14     | Found a transporter.
 21710 | D:14     | Found a glowing golden altar of the Shining One.
 22133 | D:14     | Noticed an orc warlord
 22157 | D:14     | Noticed Snorg
 22163 | D:14     | Killed Snorg
 22433 | D:14     | Found a gate to the Vaults.
 22619 | D:15     | Entered Level 15 of the Dungeon
 22629 | D:15     | Received a gift from Okawaru
 22723 | D:15     | Found Koyxzo's Antique Weapon Boutique.
 22843 | D:15     | Found Kuffibegaa's Antique Armour Boutique.
 23226 | D:15     | Found a blossoming altar of Fedhas.
 23393 | D:15     | Found a staircase to the Depths.
 23467 | D:15     | Reached XP level 16. HP: 149/149 MP: 20/20
 23492 | D:15     | Received a gift from Okawaru
 23933 | Spider:1 | Entered Level 1 of the Spider Nest
 24288 | Spider:1 | Received a gift from Okawaru
 24574 | Spider:1 | Reached skill level 5 in Translocations
 25875 | Spider:3 | Reached skill level 1 in Staves
 25875 | Spider:3 | Reached skill level 1 in Ice Magic
 26136 | Spider:4 | Entered Level 4 of the Spider Nest
 26445 | Spider:4 | Noticed Arachne
 26491 | Spider:4 | Killed Arachne
 26792 | Spider:4 | Received a gift from Okawaru
 26941 | Spider:4 | Got a crude robe {god gift}
 26952 | Spider:4 | Identified the +1 robe of Ofinat {rN+} (Okawaru gifted it
                  | to you on level 4 of the Spider Nest)
 27131 | Spider:4 | Reached XP level 17. HP: 131/156 MP: 22/22
 27778 | Spider:4 | Got a gossamer rune of Zot
 28024 | Shoals:1 | Entered Level 1 of the Shoals
 28262 | Shoals:1 | Received a gift from Okawaru
 28534 | Shoals:1 | Noticed Louise
 28554 | Shoals:1 | Killed Louise
 28554 | Shoals:1 | Reached skill level 5 in Spellcasting
 28601 | Shoals:1 | Noticed Nikola
 28647 | Shoals:1 | Killed Nikola
 28936 | Shoals:1 | Found a runed translucent door.
 28937 | Shoals:1 | Noticed Teryn's ghost (journeyman DsAK)
 28991 | Shoals:1 | Killed Teryn's ghost
 29416 | Shoals:2 | Identified the +2 robe of Dephellump {-Cast rN++ MP+9
                  | Int+2}
 29452 | Shoals:2 | Reached skill level 5 in Staves
 30038 | Shoals:3 | Noticed Ilsuiw
 30063 | Shoals:3 | HP: 5/156 [merfolk/+0 trident (9)]
 30133 | Shoals:3 | Noticed Bai Suzhen
 30157 | Shoals:3 | Killed Bai Suzhen
 30157 | Shoals:3 | Reached skill level 1 in Polearms
 30157 | Shoals:3 | Reached skill level 5 in Hexes
 30157 | Shoals:3 | Reached skill level 5 in Ice Magic
 30157 | Shoals:3 | Reached XP level 18. HP: 63/165 MP: 19/25
 30357 | Shoals:3 | Received a gift from Okawaru
 30416 | Shoals:3 | Learned a level 3 spell: Lesser Beckoning
 30714 | Shoals:3 | Killed Ilsuiw
 30761 | Shoals:3 | Received a gift from Okawaru
 30866 | Shoals:4 | Entered Level 4 of the Shoals
 31595 | Shoals:3 | Received a gift from Okawaru
 31958 | Shoals:4 | Received a gift from Okawaru
 32170 | Shoals:4 | Got a barnacled rune of Zot
 32581 | Slime:1  | Entered Level 1 of the Pits of Slime
 32593 | Slime:1  | Gained mutation: Your spells are a little easier to cast,
                  | but a little less powerful. [a shining eye]
 32595 | Slime:1  | Gained mutation: You are dopey. (Int -2) [a shining eye]
 32707 | Slime:2  | Gained mutation: Your body sometimes deteriorates upon
                  | taking damage. [a shining eye]
 32708 | Slime:2  | Noticed Dissolution
 32842 | Lair:6   | Reached skill level 1 in Axes
 32953 | Slime:1  | Paralysed by a floating eye for 4 turns
 32954 | Slime:1  | Gained mutation: Your spells are easier to cast, but less
                  | powerful. [a shining eye]
 32955 | Slime:1  | Gained mutation: Scrolls take you a little longer to read.
                  | [a shining eye]
 32957 | Slime:1  | Gained mutation: You are clumsy. (Dex -2) [a shining eye]
 33092 | Slime:1  | Killed Dissolution
 33131 | Slime:2  | Paralysed by a great orb of eyes for 7 turns
 33140 | Slime:2  | Paralysed by a great orb of eyes for 3 turns
 33459 | Lair:1   | Learned a level 5 spell: Yara's Violent Unravelling
 33466 | Lair:1   | Learned a level 6 spell: Iron Shot
 33665 | Slime:5  | Entered Level 5 of the Pits of Slime
 33921 | Slime:5  | Noticed the Royal Jelly
 33934 | Slime:5  | Reached skill level 1 in Earth Magic
 33944 | Slime:5  | Reached skill level 1 in Conjurations
 33944 | Slime:5  | Reached skill level 1 in Transmutations
 33955 | Slime:5  | Reached XP level 19. HP: 118/171 MP: 23/27
 33965 | Slime:5  | Was placed under penance by Okawaru
 33977 | Slime:5  | Killed the Royal Jelly
 34189 | Slime:5  | Found the +10 dark maul {vorpal}
 34293 | Slime:5  | Got a slimy rune of Zot
 34856 | Vaults:1 | Entered Level 1 of the Vaults
 34953 | Vaults:1 | Found Teso's Assorted Antiques.
 34961 | Vaults:1 | Bought a scroll of enchant armour for 217 gold pieces
 34961 | Vaults:1 | Bought 2 potions of curing for 174 gold pieces
 34976 | Vaults:1 | Found a runed translucent gate.
 34976 | Vaults:1 | Found a runed translucent gate.
 34977 | Vaults:1 | Found a runed translucent gate.
 34977 | Vaults:1 | Noticed howech's ghost (veteran MiGl)
 35141 | Vaults:1 | Noticed Aizul
 35354 | Vaults:1 | Reached skill level 5 in Polearms
 35400 | Vaults:1 | Killed Aizul
 36251 | Vaults:1 | Learned a level 2 spell: Corpse Rot
 36274 | Vaults:1 | You fall into a shaft and drop 1 floor!
 36443 | Vaults:2 | Found Sevaecuq's Jewellery Shoppe.
 36449 | Vaults:2 | Bought an uncursed amulet of regeneration for 570 gold
                  | pieces
 36518 | Vaults:2 | Was forgiven by Okawaru
 36573 | Vaults:2 | Reached skill level 1 in Necromancy
 36675 | D:14     | Found a roughly hewn altar of Beogh.
 36675 | D:14     | Found a transporter.
 37016 | Lair:1   | Lost mutation: You are dopey. (Int -2) [potion of mutation]
 37016 | Lair:1   | Lost mutation: Your body sometimes deteriorates upon taking
                  | damage. [potion of mutation]
 37016 | Lair:1   | Gained mutation: You are very clumsy. (Dex -4) [potion of
                  | mutation]
 37016 | Lair:1   | Gained mutation: Your system is resistant to poisons.
                  | (rPois) [potion of mutation]
 37017 | Lair:1   | Lost mutation: You are very clumsy. (Dex -4) [potion of
                  | mutation]
 37017 | Lair:1   | Lost mutation: You are clumsy. (Dex -2) [potion of
                  | mutation]
 37017 | Lair:1   | Lost mutation: Your system is resistant to poisons. (rPois)
                  | [potion of mutation]
 37017 | Lair:1   | Gained mutation: You are clumsy. (Dex -2) [potion of
                  | mutation]
 37017 | Lair:1   | Gained mutation: You have sharp toenails. [potion of
                  | mutation]
 37018 | Lair:1   | Lost mutation: You have sharp toenails. [potion of
                  | mutation]
 37018 | Lair:1   | Lost mutation: Your spells are easier to cast, but less
                  | powerful. [potion of mutation]
 37018 | Lair:1   | Gained mutation: You are partially covered in thin metallic
                  | scales. (AC +2) [potion of mutation]
 37018 | Lair:1   | Gained mutation: You possess an exceptional clarity of
                  | mind. [potion of mutation]
 37018 | Lair:1   | Gained mutation: Your flesh is cold resistant. (rC+)
                  | [potion of mutation]
 37019 | Lair:1   | Lost mutation: You possess an exceptional clarity of mind.
                  | [potion of mutation]
 37019 | Lair:1   | Lost mutation: Scrolls take you a little longer to read.
                  | [potion of mutation]
 37019 | Lair:1   | Lost mutation: You are clumsy. (Dex -2) [potion of
                  | mutation]
 37019 | Lair:1   | Lost mutation: Your flesh is cold resistant. (rC+) [potion
                  | of mutation]
 37019 | Lair:1   | Gained mutation: You expend magic power (3 MP) to
                  | strengthen your wands. [potion of mutation]
 37019 | Lair:1   | Gained mutation: You are resistant to hostile enchantments.
                  | (MR+) [potion of mutation]
 37019 | Lair:1   | Gained mutation: You can translocate small distances at
                  | will. [potion of mutation]
 37480 | Vaults:1 | You fall into a shaft and drop 1 floor!
 37498 | Vaults:2 | Reached skill level 1 in Air Magic
 37611 | Vaults:2 | Noticed Jory
 37641 | Vaults:2 | Killed Jory
 37641 | Vaults:2 | Received a gift from Okawaru
 37850 | Vaults:2 | Reached XP level 20. HP: 148/180 MP: 29/29
 37936 | Vaults:2 | Found a staircase to the Crypt.
 38114 | Vaults:1 | HP: 8/180 [minotaur/javelin[the fury of Okawaru] (4)]
 38321 | Vaults:1 | Cast into level 3 of the Abyss (a deep elf sorcerer)
 38424 | Vaults:1 | Escaped the Abyss
 39161 | D:14     | Reached skill level 5 in Earth Magic
 39186 | D:14     | Identified the +2 pair of gloves of Qerghuprel {rC+ Regen+}
                  | (You found it on level 14 of the Dungeon)
 39194 | D:14     | Received a gift from Okawaru
 39386 | Orc:1    | Gained mutation: Your spells are easier to cast, but less
                  | powerful. [a neqoxec]
 39387 | Orc:1    | Gained mutation: Your spells are much easier to cast, but
                  | much less powerful. [a neqoxec]
 39495 | Orc:1    | Killed Rachuaq's ghost
 39714 | Lair:1   | Learned a level 3 spell: Ignite Poison
 39721 | Lair:1   | Learned a level 3 spell: Recall
 39871 | Depths:1 | Entered Level 1 of the Depths
 39998 | Depths:1 | Reached skill level 5 in Axes
 40463 | Orc:2    | Bought a book of Geomancy for 350 gold pieces
 40466 | Orc:2    | Learned a level 2 spell: Passwall
 40709 | Depths:1 | Reached skill level 1 in Summonings
 40717 | Depths:1 | Reached skill level 1 in Poison Magic
 40875 | Depths:2 | Received a gift from Okawaru
 40875 | Depths:2 | Reached skill level 1 in Fire Magic
 41084 | Depths:2 | Received a gift from Okawaru
 41344 | Depths:2 | Noticed Sojobo
 41366 | Depths:2 | Killed Sojobo
 41581 | Depths:3 | Found a one-way gate to the infinite horrors of the Abyss.
 41620 | Depths:4 | Paralysed by a floating eye for 2 turns
 41624 | Depths:4 | Paralysed by a floating eye for 2 turns
 41636 | Depths:5 | Entered Level 5 of the Depths
 41642 | Depths:4 | Found a corrupted altar of Lugonu.
 41648 | Depths:4 | Noticed a golden dragon
 41774 | Depths:4 | Received a gift from Okawaru
 41867 | Depths:4 | Reached XP level 21. HP: 173/187 MP: 30/30
 41882 | Depths:4 | Found a gateway to Hell.
 41917 | Depths:4 | Paralysed by a sphinx for 5 turns
 41937 | Depths:4 | Found a one-way gate leading to the halls of Pandemonium.
 42057 | Depths:4 | Received a gift from Okawaru
 42057 | Depths:4 | Reached skill level 5 in Conjurations
 42074 | Depths:4 | Reached skill level 5 in Transmutations
 42317 | Depths:5 | Noticed a golden dragon
 42341 | Depths:5 | Reached skill level 1 in Crossbows
 42358 | Depths:5 | Killed a golden dragon
 42358 | Depths:5 | Received a gift from Okawaru
 42361 | Depths:5 | Found a gate to the Realm of Zot.
 42376 | Zot:1    | Entered Level 1 of the Realm of Zot
 42393 | Zot:1    | Identified the +0 hat of Lakhlor {Int+3 Stlth-} (You found
                  | it on level 1 of the Realm of Zot)
 42421 | Zot:1    | Received a gift from Okawaru
 42558 | Depths:5 | Noticed a juggernaut
 42580 | Depths:5 | Killed a juggernaut
 43185 | Zot:3    | Received a gift from Okawaru
 43268 | Zot:4    | Noticed a golden dragon
 43285 | Zot:4    | Killed a golden dragon
 43285 | Zot:4    | Reached skill level 5 in Necromancy
 43349 | Zot:4    | Received a gift from Okawaru
 43447 | Zot:5    | Entered Level 5 of the Realm of Zot
 43721 | Zot:5    | Received a gift from Okawaru
 43867 | Zot:5    | Noticed a golden dragon
 43909 | Zot:5    | Reached skill level 1 in Long Blades
 43939 | Zot:5    | Killed a golden dragon
 43990 | Zot:5    | Received a gift from Okawaru
 44138 | Zot:5    | Received a gift from Okawaru
 44236 | Zot:5    | Noticed an orb of fire
 44241 | Zot:5    | Gained mutation: You are clumsy. (Dex -2) [an orb of fire]
 44263 | Zot:5    | Killed an orb of fire
 44270 | Zot:5    | Reached XP level 22. HP: 164/196 MP: 25/31
 44287 | Zot:5    | Noticed a golden dragon
 44301 | Zot:5    | Killed a golden dragon
 44322 | Zot:5    | Noticed an orb of fire
 44324 | Zot:5    | Gained mutation: Scrolls take you a little longer to read.
                  | [an orb of fire]
 44340 | Zot:5    | Gained mutation: Scrolls take you longer to read. [an orb
                  | of fire]
 44351 | Zot:5    | Gained mutation: You are dopey. (Int -2) [an orb of fire]
 44363 | Zot:5    | HP: 7/196 [orb of fire/bolt of fire (32)]
 44517 | Zot:5    | Gained mutation: You are very clumsy. (Dex -4) [an orb of
                  | fire]
 44530 | Zot:5    | Gained mutation: Armour fits poorly on your strangely
                  | shaped body. [an orb of fire]
 44539 | Zot:5    | Gained mutation: Your magical capacity is low. (-10% MP)
                  | [an orb of fire]
 44543 | Zot:5    | Gained mutation: You are weak. (Str -2) [an orb of fire]
 44549 | Zot:5    | Killed an orb of fire
 44637 | Zot:5    | Noticed a Killer Klown
 44637 | Zot:5    | Noticed a Killer Klown
 44680 | Zot:5    | Killed a Killer Klown
 44719 | Zot:5    | Noticed a Killer Klown
 44876 | Zot:5    | Noticed an ancient lich
 44913 | Zot:5    | Killed an ancient lich
 45055 | Zot:5    | Received a gift from Okawaru
 45091 | Zot:5    | Noticed an ancient lich
 45140 | Zot:5    | Killed an ancient lich
 45140 | Zot:5    | Reached skill level 5 in Air Magic
 45148 | Zot:5    | Killed a Killer Klown
 45244 | Zot:5    | Killed a Killer Klown
 45244 | Zot:5    | Received a gift from Okawaru
 45249 | Zot:5    | Identified the +5 fustibalus "Zesuan" {flame, rPois rF-
                  | Str+2} (Okawaru gifted it to you on level 5 of the Realm of
                  | Zot)
 45347 | Zot:5    | Noticed a Killer Klown
 45561 | Zot:5    | Noticed an orb of fire
 45584 | Zot:5    | Gained mutation: You tend to lose your temper in combat.
                  | [an orb of fire]
 45586 | Zot:5    | Noticed an orb of fire
 45604 | Zot:5    | Gained mutation: You are very weak. (Str -4) [an orb of
                  | fire]
 45730 | Zot:5    | Killed an orb of fire
 45734 | Zot:5    | Killed an orb of fire
 45734 | Zot:5    | Reached skill level 5 in Summonings
 45734 | Zot:5    | Reached skill level 5 in Poison Magic
 45744 | Zot:5    | Killed a Killer Klown
 45744 | Zot:5    | Received a gift from Okawaru
 45852 | Zot:5    | Reached skill level 5 in Fire Magic
 45900 | Zot:5    | Noticed a Killer Klown
 45907 | Zot:5    | Killed a Killer Klown
 45966 | Zot:5    | Reached XP level 23. HP: 181/202 MP: 29/29
 45985 | Zot:5    | Got the Orb of Zot
 46030 | Zot:5    | Noticed an orb of fire
 46044 | Zot:5    | Noticed an ancient lich
 46044 | Zot:5    | Noticed a Killer Klown
 46047 | Zot:5    | Blown up by an ancient lich

Illustrated notes

Levels and vault maps discovered:
D:1:      minmay_arrival_stair_chambers, layout_basic
D:2:      wander_river, layout_loops_ring, old_standard_altar,
          minmay_misc_feat_tower, uniq_terence
D:3:      layout_rooms, first_ration
D:4:      layout_rooms, gammafunk_temple_overflow_claw, serial_shops,
          nicolae_shop_temple_entry_statues_fountains,
          nicolae_shop_behind_doors, uniq_menkaure, uniq_edmund
D:5:      lemuel_ratsnest, layout_basic, moated_statue, makhleb_heckhound_becter
D:6:      layout_basic, grunt_temple_overflow_growth_and_decay,
          dancing_weapons_uskayaw, minmay_temple_entry_antechambers,
          chequers_ossuary_entry_cave, serial_shops, shop, uniq_pikel,
          uniq_duvessa
D:7:      layout_loops_ring, basic_altar, uniq_maggie
D:8:      layout_basic, serial_curves, eino_curves_01, eino_curves_01,
          the_bakery, uniq_prince_ribbit1, uniq_grum
D:9:      layout_cave_pods, overflow_temple_1_default,
          nemelex_xobeh_ov_fountains_minmay, david_orc_2, uniq_psyche
D:10:     wander_kiku_kobolds, layout_loops_corners, dpeg_lair_monsters,
          enter_trove_1, uniq_joseph
D:11:     layout_long_grid
D:12:     layout_long_grid, serial_shops, shop, lemuel_hellish_altar,
          uniq_maurice, uniq_rupert
D:13:     layout_roguey, uniq_frances
D:14:     gammafunk_beogh_shrine, layout_basic,
          skrybe_vaults_entry_preservation, tso_metal_star, serial_undead,
          serial_undead_d, serial_undead_f, serial_undead_a, serial_undead_e,
          minmay_misc_feat_tiny, hangedman_corner_corridor, uniq_snorg
D:15:     grunt_enter_depths_hoard, layout_loops_ring, fedhas_altar_3,
          serial_shops, shop, nicolae_shop_window_shopping,
          chequers_serial_rivers_small_3
Temple:   dshaligram_water_room_temple
Lair:1:   layout_long_grid, beast_lair_carwin_11
Lair:2:   beast_lair_carwin_large_2, layout_layer_cave,
          nicolae_spider_entry_orb_guardian, uniq_urug
Lair:3:   layout_gridlike, minivault_26, infiniplex_staircase_pool_2
Lair:4:   layout_long_grid, elwin_shoals_entry_rocks, disabler_island
Lair:5:   layout_roguey, gauntlet_entry_generic,
          nicolae_lair_grove_arrangements, lemuel_fruit_tree
Lair:6:   evilmike_catoblepas_cave, layout_regular_city,
          minmay_slime_entry_pillars, grunt_megastairs_3, serial_bayou_shore_b
Shoals:1: layout_shoals, gammafunk_ghost_grave, uniq_louise, uniq_nikola
Shoals:2: layout_shoals
Shoals:3: layout_shoals, nicolae_shoals_seven_spires, uniq_ilsuiw,
          uniq_bai_suzhen
Shoals:4: shoals_end_grunt_ice, layout_shoals
Spider:1: layout_spider_delve
Spider:2: layout_chambers
Spider:3: layout_spider_delve
Spider:4: spider_rune_water, minivault_29, uniq_arachne
Slime:1:  layout_caves, cheibrodos_slime_lost_civilization_5
Slime:2:  layout_caves, basic_altar, uniq_dissolution
Slime:3:  layout_caves, nicolae_slime_barrier
Slime:4:  layout_caves
Slime:5
Orc:1:    minmay_goldmine, layout_caves, gammafunk_ghost_stat_death,
          lemuel_statue_altar, uniq_josephine, uniq_fannar
Orc:2:    grunt_orc_cross, layout_caves, serial_shops, shop,
          chequers_guarded_unrand_ignorance, uniq_erolcha
Vaults:1: gammafunk_vaults_ghost_spectres, nicolae_vaults_mini_display_case,
          nicolae_vaults_statue_guard, hangedman_vaults_restitches,
          ontoclasm_vaults_eye, nicolae_vaults_disjoint_gnomons,
          nicolae_vaults_triangles, nicolae_vaults_specimen_jars, v_misc_23,
          vaults_dpeg_hooks, ontoclasm_vaults_hangar, ontoclasm_vaults_twist,
          layout_vaults_ring, serial_shops, nicolae_shop_crystal, uniq_aizul
Vaults:2: minmay_crypt_entry_simple_sparse,
          nicolae_vaults_windows_and_doors_thing, ontoclasm_vaults_tryst,
          nicolae_vaults_border_crossing, ontoclasm_vaults_fault, v_misc_14,
          nicolae_vaults_angled_halls, nicolae_vaults_little_squares_3,
          nicolae_vaults_back_hallway, grunt_vaults_funnel,
          ontoclasm_vaults_spin, vaults_room_door_hall,
          hangedman_vaults_slither, v_misc_23, vaults_room_fancy_cross,
          nicolae_vaults_shelves_hall, layout_vaults_maze, serial_shops, shop,
          uniq_jory
Depths:1: layout_gridlike, serial_sigils_hangedman_shear, hell_entry,
          nicolae_abyss_entry_one_way_or_another, kennysheep_generic_room_2
Depths:2: pf_snail_temple, layout_basic, grunt_mini_vestibule, uniq_sojobo
Depths:3: minmay_blocking_statues, layout_gridlike, hell_entry, serial_shops,
          shop, abyss_entry, grunt_pan_entry_in_and_out,
          gammafunk_ghost_berserking_beasts
Depths:4: nicolae_whirlpool, layout_cave_pools, abyss_entry_flame_altar,
          rand_demon_pan_entry_3, hell_entry, serial_sigils,
          serial_sigils_hangedman_writhe, serial_sigils_hangedman_quiver,
          minmay_curled_crystal, minmay_statues_item
Depths:5: grunt_twist_and_shout, layout_cave_pools, enter_ziggurat_c,
          grunt_decor_one_mirror, pan_entry, hell_entry
Zot:1:    layout_concentric_octagons
Zot:2:    cheibrodos_zot_enchanting_chambers, layout_gridlike,
          lemuel_baited_zot_trap
Zot:3:    layout_gridville, ebering_ghost_reflecting_pool
Zot:4:    layout_basic, hangedman_zot_decor_unnerving_road,
          st_grand_hoard_of_tiamat
Zot:5:    layout_gridlike

Skill      XL: |  1  2  3  4  5  6  7  8  9 10 11 12 13 14 15 16 17 18 19 20 21 22 |
---------------+-------------------------------------------------------------------+-----
Fighting       | 1 2 3 4 5 6 7 |  7.0
Throwing       | 2 3 4 5 6 7 |  7.0
Unarmed Combat | 1 2 3 4 5 6 7 |  7.0
Shields        | 1 2 3 4 5 6 7 |  7.0
Invocations    | 3 4 5 6 7 |  7.0
Armour         | 2 3 4 6 7 |  7.0
Dodging        | 2 4 5 6 7 |  7.0
Slings         | 1 3 4 5 6 7 |  7.0
Evocations     | 1 2 4 5 6 7 |  7.0
Charms         | 2 3 4 5 6 7 |  7.0
Stealth        | 1 2 3 4 5 6 7 |  7.0
Maces & Flails | 2 4 6 7 |  7.0
Translocations | 2 4 5 7 |  7.0
Spellcasting   | 3 4 5 6 7 |  7.0
Staves         | 2 5 6 7 |  7.1
Ice Magic      | 2 5 6 7 |  7.0
Hexes          | 3 5 6 7 |  7.0
Polearms       | 1 4 5 6 7 |  7.0
Axes           | 2 4 5 6 7 |  7.0
Earth Magic    | 1 4 5 7 |  7.0
Conjurations   | 1 3 4 5 6 |  6.8
Transmutations | 1 3 4 5 6 |  6.8
Necromancy     | 2 4 5 6 |  6.7
Air Magic      | 1 3 4 5 |  5.6
Summonings     | 2 3 5 |  5.1
Poison Magic   | 2 3 5 |  5.1
Fire Magic     | 2 3 5 |  5.0
Crossbows      | 2 4 |  4.0
Long Blades    | 1 4 |  4.0

Action                   |  1- 3 |  4- 6 |  7- 9 | 10-12 | 13-15 | 16-18 | 19-21 | 22-24 || total
-------------------------+-------+-------+-------+-------+-------+-------+-------+-------++-------
Melee: Unarmed           |   116 |   264 |   545 |   947 |  2006 |  2304 |  1683 |       ||  7865
       Demon trident     |       |       |       |       |       |       |   667 |   357 ||  1024
Throw: Dart              |       |       |       |    26 |    10 |       |       |       ||    36
       Boomerang         |       |       |       |    25 |    55 |   224 |    55 |       ||   359
       Large rock        |       |       |       |       |    11 |       |       |     2 ||    13
       Javelin           |       |       |       |       |    10 |    34 |   180 |    51 ||   275
 Cast: Apportation       |       |       |       |       |       |     1 |    13 |       ||    14
       Blink             |       |       |       |       |       |       |     9 |     2 ||    11
       Passwall          |       |       |       |       |       |       |     1 |       ||     1
Invok: Heroism           |       |       |       |    24 |    54 |    64 |    42 |    15 ||   199
       Finesse           |       |       |       |       |       |     5 |     2 |     4 ||    11
Evoke: Wand              |       |       |       |       |     9 |    17 |    19 |     6 ||    51
       Tin of tremorston |       |       |       |       |       |     2 |       |       ||     2
       Phantom mirror    |       |       |       |       |       |       |       |     2 ||     2
  Use: Scroll            |       |       |     9 |     4 |    13 |    19 |    40 |     3 ||    88
       Potion            |       |       |       |       |       |    10 |     8 |    10 ||    28
 Stab: Sleeping          |       |     1 |     1 |     2 |     3 |       |       |       ||     7
       Petrified         |       |       |       |       |     5 |       |       |       ||     5
       Petrifying        |       |       |       |       |     3 |       |       |       ||     3
       Paralysed         |       |       |       |       |     6 |    13 |    10 |       ||    29
       Confused          |       |       |       |       |       |     4 |       |       ||     4
       Invisible         |       |       |       |       |       |       |     2 |       ||     2
  Eat: Chunk             |    15 |    15 |    35 |    63 |   103 |    90 |    95 |     8 ||   424
       Ration            |       |       |       |       |     1 |     2 |     2 |     2 ||     7
Armor: Robe              |    34 |    58 |    66 |    29 |    53 |       |       |       ||   240
       Steam dragon scal |       |       |    11 |   167 |       |       |       |       ||   178
       Storm dragon scal |       |       |       |       |   523 |  1228 |  1276 |    64 ||  3091
Dodge: Dodged            |    46 |    51 |    84 |   254 |   501 |   555 |   557 |    41 ||  2089
Block: Kite shield       |    26 |   190 |   390 |   749 |   299 |       |       |       ||  1654
       Reflection        |       |     3 |     2 |    16 |    49 |    59 |    49 |       ||   178
       Tower shield      |       |       |       |       |  1863 |  3174 |  2527 |   189 ||  7753
